 Dungeon Crawl Stone Soup version 0.22-a0-612-gd2f0174 (webtiles) character file.

77 Supahsalami the Chopper (level 4, 0/36 HPs)
             Began as a Demonspawn Berserker on July 11, 2018.
             Was a Follower of Trog.
             Slain by an orc wizard
             ... wielding a +0 dagger
              (5 damage)
             ... while paralysed by Grinder
             ... on level 3 of the Dungeon.
             The game lasted 00:05:37 (2026 turns).

Supahsalami the Chopper (Demonspawn Berserker)      Turns: 2026, Time: 00:05:37

Health: 0/36       AC:  5    Str: 18    XL:     4   Next: 14%
Magic:  4/4        EV:  2    Int:  9    God:    Trog [*.....]
Gold:   67         SH:  0    Dex: 12    Spells: 3/3 levels left

rFire    . . .     SeeInvis .   a - +0 hand axe
rCold    . . .     Gourm    .   n - +0 buckler
rNeg     . . .     Faith    .   b - +0 animal skin
rPois    .         Spirit   .   (no helmet)
rElec    .         Reflect  .   (no cloak)
rCorr    .         Harm     .   (no gloves)
MR       .....                  (no boots)
Stlth    +.........             (no amulet)
HPRegen  0.12/turn              (no ring)
MPRegen  0.09/turn              (no ring)

@: paralysed
A: yellow scales 2, spiny 1
a: Berserk, Renounce Religion


You were on level 3 of the Dungeon.
You worshipped Trog.
Trog was aware of your devotion.
You were hungry.

You visited 1 branch of the dungeon, and saw 3 of its levels.

You collected 67 gold pieces.

Inventory:

Hand Weapons
 a - a +0 hand axe (weapon)
Missiles
 f - 30 stones (quivered)
 g - 22 poisoned needles
Armour
 b - a +0 animal skin (worn)
 d - a +0 scale mail
 n - a +0 buckler (worn)
Jewellery
 e - a +3 ring of protection {unknown}
Scrolls
 k - 2 scrolls of identify {unknown}
 m - a scroll of random uselessness {unknown}
Potions
 h - 2 potions of curing {unknown}
 i - a potion of agility {unknown}
 j - a potion of degeneration {unknown}
Comestibles
 c - 5 rations


   Skills:
 + Level 3.6 Fighting
 * Level 3.7 Axes
 + Level 2.4 Armour
 - Level 1.7 Dodging


You had 3 spell levels left.
You didn't know any spells.
Your spell library was empty.

Dungeon Overview and Level Annotations

Branches:
Dungeon (3/15)

Altars:

Annotations:
D:3 Grinder


Innate Abilities, Weirdness & Mutations

You are mostly covered in yellow scales. (AC +3)
You are partially covered in sharp spines.


Message History

The orc hits you from afar with a trident.
* * * LOW HITPOINT WARNING * * *
Something hits you but does no damage. The orc barely misses you.
The orc barely misses you.
You bump into the rock wall.
The orc is struck by your spines.
You kill the orc!
Trog accepts your kill. Something hits you.
* * * LOW HITPOINT WARNING * * *
Grinder blinks!
The orc hits you but does no damage.
You bump into the rock wall.
Grinder gestures at you.
You suddenly lose the ability to move!
Something hits you.
* * * LOW HITPOINT WARNING * * *
You feel less confused.
Grinder says, "My boss said I was rubbish.
His entrails said otherwise."
The orc hits you from afar with a trident.
* * * LOW HITPOINT WARNING * * *
Something hits you.
You die...

♣♣♣## )...#
....##########
............#
........5.<.#
#...(......#
##..#)@#####
#..##{##
#######...o.#
##.....)######
.........#
.#######.# §
#o#
#...#######{###
#.....o.o.....#


You could see Grinder and an orc.

Vanquished Creatures
  3 adders
  3 worms
  A dart slug (D:2)
  2 leopard geckos (D:2)
  2 orcs (D:3)
  6 bats
  2 giant cockroaches (D:2)
  4 goblins
  3 hobgoblins
  A frilled lizard (D:1)
  5 kobolds
  5 rats
37 creatures vanquished.

Notes
Turn   | Place    | Note
-------+----------+-------------------------------------------
     0 | D:1      | Supahsalami the Demonspawn Berserker began the quest for the Orb.
     0 | D:1      | Reached XP level 1. HP: 18/18 MP: 1/1
   245 | D:1      | Gained mutation: You are partially covered in yellow scales. (AC +2) [demonic ancestry]
   245 | D:1      | Reached XP level 2. HP: 18/24 MP: 2/2
  1055 | D:2      | Gained mutation: You are mostly covered in yellow scales. (AC +3) [demonic ancestry]
  1055 | D:2      | Reached XP level 3. HP: 29/29 MP: 3/3
  1666 | D:2      | Gained mutation: You are partially covered in sharp spines. [demonic ancestry]
  1666 | D:2      | Reached XP level 4. HP: 32/35 MP: 4/4
  1997 | D:3      | Noticed Grinder
  2025 | D:3      | Paralysed by Grinder for 4 turns
  2026 | D:3      | Slain by an orc wizard

Vault maps used:
D:1:      saegor_arrival_simple_e
D:3:      old_standard_altar, lemuel_statue_altar, uniq_grinder, uniq_natasha,
          uniq_jessica, uniq_ijyb, uniq_sigmund, uniq_crazy_yiuf_cottage

Skill      XL: |  1  2 |
---------------+-------+-----
Axes           | 3 |  3.7
Armour         | 2 |  2.4
Fighting       | |  3.6
Dodging        | |  1.7

Action                   |  1- 3 |  4- 6 || total
-------------------------+-------+-------++-------
Melee: Hand axe          |   117 |    16 ||   133
Throw: Stone             |     2 |       ||     2
  Eat: Chunk             |     2 |     1 ||     3
Armor: Animal skin       |    41 |     3 ||    44
Dodge: Dodged            |   108 |    11 ||   119
Block: Buckler           |       |     1 ||     1

Table legend:
 A = Spawn XP
 B = Non-spawn XP
 C = Spawn XP percentage of total XP
 D = Spawn monster count
 E = Non-spawn monster count
 F = Spawn count percentage of total count
 G = Total turns spent on level
                    A         B        C        D         E        F      G
               +---------+---------+-------+---------+---------+-------+---------
         Total |       0 |     111 |   0.0 |       0 |      37 |   0.0 |  2026
               +---------+---------+-------+---------+---------+-------+---------
           D:1 |       0 |      39 |   0.0 |       0 |      16 |   0.0 |  1240
           D:2 |       0 |      66 |   0.0 |       0 |      19 |   0.0 |   738
           D:3 |       0 |       6 |   0.0 |       0 |       2 |   0.0 |    48
               +---------+---------+-------+---------+---------+-------+---------
